 Dungeon Crawl Stone Soup version 0.19-a0-733-geeb8733 (webtiles) character file.

1828 MrRokkomies the Covered (level 8, 0/61 HPs)
             Began as a Demigod Wanderer on June 22, 2016.
             Succumbed to Crazy Yiuf's poison
             ... on level 7 of the Dungeon.
             The game lasted 00:16:22 (7328 turns).

MrRokkomies the Covered (Demigod Wanderer)          Turns: 7328, Time: 00:16:22

Health: 0/61       AC: 22    Str: 18    XL:     8   Next: 56%
Magic:  20/20      EV:  5    Int: 17    God:
Gold:   440        SH:  3    Dex: 15    Spells: 0 memorised, 7 levels left

rFire  + . .     SeeInvis .     a - +2 falchion (flame)
rCold  + . .     Gourm    .     n - +4 plate armour {rF+}
rNeg   . . .     Faith    .     u - +0 buckler (curse)
rPois  .         Spirit   .     s - +0 helmet
rElec  .         Dismiss  .     x - +1 cloak
rCorr  .         Reflect  .     (no gloves)
SustAt +         Harm     .     e - +0 pair of boots
MR     .....                    (no amulet)
Stlth  ..........               D - ring of protection from cold
                                k - ring of magical power

@: lethally poisoned (0 -> -23), very slightly contaminated, slowed, invisible,
very slow, not resistant to hostile enchantments, extremely unstealthy
A: high mp 1, sustain attributes
a: no special abilities


You were on level 7 of the Dungeon.
You were not hungry.

You visited 1 branch of the dungeon, and saw 7 of its levels.

You collected 440 gold pieces.

Inventory:

Hand Weapons
 a - a +2 falchion of flaming (weapon)
 b - a +2 shortbow
Missiles
 h - 159 arrows
Armour
 e - a +0 pair of boots (worn)
 n - a +4 plate armour of fire resistance (worn)
 s - a +0 helmet (worn)
 u - a cursed +0 buckler (worn)
 x - a +1 cloak (worn)
Jewellery
 k - a ring of magical power (left hand)
 y - the ring "Xuag" {Ice rN+ SInv}
   (You found it on level 4 of the Dungeon)

   [ring of ice]

   It enhances your ice magic, and weakens your fire magic.
   It makes you vulnerable to fire.
   It protects you from cold.
   It protects you from negative energy.
   It lets you see invisible.
 D - a ring of protection from cold (right hand)
Wands
 d - a wand of random effects (15/48)
 i - a wand of paralysis (14/24)
 l - a wand of random effects (39/48)
 t - a wand of acid (10/15)
 v - a wand of random effects (13/48)
Scrolls
 w - a scroll of amnesia
Potions
 c - 2 potions of cancellation {unknown}
 j - 3 potions of degeneration
 q - 2 potions of magic
 r - 3 potions of resistance
 z - a potion of cure mutation
 A - 2 potions of brilliance
 B - a potion of haste {unknown}
Comestibles
 f - 10 bread rations
 g - 2 beef jerkies
 m - a fruit
 p - a meat ration


   Skills:
 - Level 2.1 Fighting
 * Level 7.1 Long Blades
   Level 1.7 Staves
 - Level 3.7 Bows
 * Level 7.1 Armour
 - Level 1.0 Stealth
 - Level 1.0 Evocations


You had 7 spell levels left.
You didn't know any spells.

Dungeon Overview and Level Annotations

Branches:
Dungeon (7/15)             Temple (0/1) D:4

Annotations:
D:7 Crazy Yiuf


Innate Abilities, Weirdness & Mutations

You have an increased reservoir of magic. (+10% MP)
Your attributes are resistant to harm.


Message History

You block Crazy Yiuf's attack.
Okay, then.
Unknown command.
You catch the helpless Crazy Yiuf completely off-guard!
You slash Crazy Yiuf! You burn Crazy Yiuf.
Crazy Yiuf is severely wounded.
* * * LOW HITPOINT WARNING * * *
You feel sick.
Crazy Yiuf hits you with a quarterstaff of chaos.
* * * LOW HITPOINT WARNING * * *
Crazy Yiuf hits you but does no damage.
You are more poisoned.
Evoke which item? (* to show all) (? for menu, Esc to quit)
Zapping:
t - a wand of acid {zapped: 3} (will waste charges)
Press: ? - help, Shift-Dir - straight line, f - Crazy Yiuf
Aim: Crazy Yiuf, wielding a quarterstaff of chaos and wearing a cloak (severely wounded, berserk, fast, unusually strong)
The bolt of acid hits Crazy Yiuf.
The acid corrodes Crazy Yiuf!
Crazy Yiuf is almost dead.
Evoking this partially-identified wand wasted a few charges.
You die...

#######.....#####
......#.#.###
#####.#.#.# #.#.#.#
#.##### #.# #.#
#.##77 ##### #
##.)..77 77#@.)#
####......7777..g..#
..##.....).7..7#...#
..##..)...7.777#####
......##77777
..##### ..# ###
#########.#
...†......#


You could see Crazy Yiuf (berserk).

Vanquished Creatures
  Sigmund (D:2)
  A hungry ghost (D:7)
  A sky beast (D:5)
  A phantom (D:7)
  2 giant frogs (D:7)
  A wyvern zombie (D:6)
  4 scorpions
  9 killer bees (D:7)
  A crimson imp (D:7)
  A jelly (D:5)
  2 orc wizards
  3 hounds (D:4)
  Terence (D:3)
  An iguana (D:7)
  3 worker ants
  A hound skeleton (D:5)
  9 adders
  An ooze (D:4)
  2 adder skeletons
  2 worms
  4 dart slugs
  8 giant geckos
  9 orcs
  11 bats
  5 giant cockroaches
  13 goblins
  4 hobgoblins
  7 jackals
  4 quokkas
  5 ball pythons
  7 giant newts
  A jackal skeleton (D:4)
  9 kobolds
  A quokka skeleton (D:6)
  4 rats (D:1)
139 creatures vanquished.

Vanquished Creatures (others)
  A human (D:5)
1 creature vanquished.

Grand Total: 140 creatures vanquished

Notes
Turn   | Place    | Note
--------------------------------------------------------------
     0 | D:1      | MrRokkomies the Demigod Wanderer began the quest for the Orb.
     0 | D:1      | MrRokkomies set off with: a +2 shortbow, 21 arrows, a scroll of teleportation, a wand of random effects (15/48), a +0 robe, a bread ration
     0 | D:1      | Reached XP level 1. HP: 16/16 MP: 3/3
   115 | D:1      | Reached XP level 2. HP: 22/24 MP: 5/5
   622 | D:1      | HP: 1/24 [giant gecko (2)]
   923 | D:1      | Found an iron altar of Okawaru.
  1034 | D:1      | Reached XP level 3. HP: 21/29 MP: 6/6
  1243 | D:2      | Noticed Sigmund
  1586 | D:2      | Reached skill level 1 in Long Blades
  1630 | D:2      | HP: 1/29 [Sigmund/puff of flame (6)]
  1635 | D:2      | HP: 1/29 [goblin/dagger of venom (1)]
  2417 | D:2      | Killed Sigmund
  2417 | D:2      | Reached XP level 4. HP: 27/36 MP: 7/7
  2417 | D:2      | Reached XP level 5. HP: 31/41 MP: 8/8
  2878 | D:3      | Noticed Terence
  2888 | D:3      | Killed Terence
  3388 | D:4      | Reached XP level 6. HP: 41/48 MP: 9/9
  3764 | D:4      | Found a staircase to the Ecumenical Temple.
  3891 | D:4      | Got a pitted copper ring
  3984 | D:4      | Identified the ring "Xuag" {Ice rN+ SInv} (You found it on level 4 of the Dungeon)
  4244 | D:5      | Entered Level 5 of the Dungeon
  4592 | D:5      | Reached XP level 7. HP: 38/55 MP: 10/10
  4671 | D:5      | Found a shadowy altar of Dithmenos.
  5205 | D:5      | Found an oddly glowing altar of Pakellas.
  5205 | D:5      | Noticed a human
  5213 | D:5      | Killed a human
  5339 | D:6      | Reached skill level 5 in Long Blades
  5339 | D:6      | Reached skill level 5 in Armour
  6300 | D:7      | Found a shimmering altar of Xom.
  6417 | D:7      | Noticed a hungry ghost
  6452 | D:7      | Killed a hungry ghost
  6526 | D:7      | Reached XP level 8. HP: 56/61 MP: 11/11
  7308 | D:7      | Noticed Crazy Yiuf
  7327 | D:7      | HP: 2/61 [Crazy Yiuf/quarterstaff of chaos (6)]
  7328 | D:7      | Succumbed to Crazy Yiuf's poison

Vault maps used:
D:1:      dpeg_arrival_lava_temple_mockup, serial_park_tiny_2,
          okawaru_ov_weapons_minmay
D:2:      first_bread, kennysheep_generic_room_11, uniq_sigmund
D:3:      uniq_terence
D:5:      old_standard_altar, gammafunk_pakellas_its_alive
D:7:      fountainhead, xom_teletrap_fun, uniq_crazy_yiuf_cottage

Skill      XL: |  1  2  3  4  5  6  7  8 |
---------------+-------------------------+-----
Bows           | 3 |  3.7
Fighting       | 2 |  2.1
Long Blades    | 2 3 4 5 7 |  7.1
Armour         | 3 4 6 7 |  7.1
Staves         | |  1.7
Stealth        | |  1.0
Evocations     | |  1.0

Action                   |  1- 3 |  4- 6 |  7- 9 || total
-------------------------+-------+-------+-------++-------
Melee: Whip              |    63 |       |       ||    63
       Short sword       |    21 |       |       ||    21
       Falchion          |    76 |   179 |   257 ||   512
 Fire: Shortbow          |    31 |    13 |       ||    44
Evoke: Wand              |       |       |     2 ||     2
  Use: Scroll            |     3 |    11 |     4 ||    18
       Potion            |     2 |       |     2 ||     4
 Stab: Sleeping          |     2 |       |       ||     2
       Distracted        |     1 |       |       ||     1
       Invisible         |       |       |     1 ||     1
  Eat: Chunk             |     5 |     5 |     1 ||    11
       Meat ration       |       |       |     2 ||     2
       Fruit             |       |       |     2 ||     2
       Bread ration      |       |       |     1 ||     1
       Pizza             |       |       |     1 ||     1
Armor: Robe              |     7 |       |       ||     7
       Leather armour    |    39 |       |       ||    39
       Skin              |    21 |       |       ||    21
       Plate armour      |    10 |   164 |   262 ||   436
Dodge: Dodged            |   118 |    42 |    67 ||   227
Block: Buckler           |       |       |    41 ||    41
